 Dungeon Crawl Stone Soup version 0.30.0-29-ga12c61a403 (webtiles) character file.

Game seed: 9987559148927465106

4598 cdecastro the Skirmisher (level 10, -6/93 HPs)
             Began as a Minotaur Hunter on June 5, 2023.
             Was a Believer of Qazlal.
             Mangled by a yak (8 damage)
             ... on level 8 of the Dungeon on June 6, 2023.
             The game lasted 00:15:31 (9164 turns).

cdecastro the Skirmisher (Minotaur Hunter)          Turns: 9164, Time: 00:15:32

Health: -6/93      AC:  8    Str: 20    XL:     10   Next: 19%
Magic:  0/9        EV: 10    Int:  6    God:    Qazlal [**....]
Gold:   429        SH:  2    Dex: 14    Spells: 9/9 levels left

rFire   . . .        A - +3 sling
rCold   . . .        (no shield)
rNeg    . . .        J - +3 chain mail
rPois   +            (helmet restricted)
rElec   .            K - +0 cloak
rCorr   .            D - +0 pair of gloves
SInv    .            r - +0 pair of boots
Will    .....        o - amulet of guardian spirit Stlth
                     k - ring of poison resistance
HPRegen 0.35/turn    (no ring)
MPRegen 0.11/turn

%: guardian spirit
@: corroded
A: horns 2, retaliatory headbutt
a: Renounce Religion, Upheaval


You were on level 8 of the Dungeon.
You worshipped Qazlal.
Qazlal was pleased with you.
You visited 2 branches of the dungeon, and saw 9 of its levels.

You collected 429 gold pieces.

Inventory:

Hand Weapons
 a - a +0 shortbow
 c - a +0 whip of flaming
 A - a +3 sling (weapon)
 F - a +1 dagger of freezing
Missiles
 l - 2 throwing nets
Armour
 r - a +0 pair of boots (worn)
 t - a +0 scale mail
 D - a +0 pair of gloves (worn)
 J - a +3 chain mail (worn)
 K - a +0 cloak (worn)
Jewellery
 e - an amulet of faith
 k - a ring of poison resistance (left hand)
 o - an amulet of guardian spirit (around neck)
 M - an amulet of magic regeneration
Wands
 p - a wand of polymorph (7)
 s - a wand of flame (19)
Scrolls
 b - 2 scrolls of immolation
 d - 5 scrolls of fog {unknown}
 g - 3 scrolls of fear {unknown}
 h - 2 scrolls of silence {unknown}
 i - 2 scrolls of enchant weapon {unknown}
 j - 7 scrolls of identify {unknown}
 q - 4 scrolls of teleportation {unknown}
 v - 2 scrolls of blinking {unknown}
 x - 2 scrolls of enchant armour {unknown}
 y - a scroll of summoning {unknown}
 G - a scroll of noise {unknown}
 H - a scroll of brand weapon {unknown}
 O - a scroll of torment {unknown}
Potions
 f - a potion of mutation {unknown}
 m - a potion of lignification {unknown}
 n - 2 potions of curing
 u - a potion of cancellation {unknown}
 w - 3 potions of magic {unknown}
 z - 2 potions of degeneration {unknown}
 B - 4 potions of haste {unknown}
 C - a potion of invisibility {unknown}
 E - 2 potions of attraction {unknown}
 I - 4 potions of flight {unknown}
 L - a potion of might {unknown}
 N - a potion of resistance {unknown}


   Skills:
 - Level 10.0 Fighting
 + Level 12.8 Ranged Weapons
 - Level 5.0 Armour
 - Level 5.0 Dodging
 - Level 0.7 Stealth


You had 9 spell levels left.
You didn't know any spells.
Your spell library contained the following spells:

 Spells                   Type           Power      Damage    Failure   Level
 Apportation              Tloc           0%         N/A       98%         1
 Freeze                   Ice            0%         1d3       98%         1
 Magic Dart               Conj           0%         1d3       98%         1
 Necrotise                Necr           0%         1d4       98%         1
 Sandblast                Erth           0%         2d4       98%         1
 Summon Small Mammal      Summ           0%         N/A       98%         1
 Passwall                 Tmut/Erth      0%         N/A       99%         2
 Searing Ray              Conj           0%         2d4       99%         2
 Call Canine Familiar     Summ           0%         N/A       100%        3
 Frozen Ramparts          Ice            0%         1d1       100%        3
 Hailstorm                Conj/Ice       0%         3d3       100%        3
 Portal Projectile        Hex/Tloc       0%         N/A       100%        3
 Stone Arrow              Conj/Erth      0%         3d7       100%        3
 Fulminant Prism          Conj/Hex       0%         3d5       100%        4
 Ice Form                 Ice/Tmut       0%         N/A       100%        4
 Leda's Liquefaction      Hex/Erth       0%         N/A       100%        4
 Summon Ice Beast         Ice/Summ       0%         N/A       100%        4
 Lee's Rapid Deconstruct  Erth           0%         3d4*      100%        5
 Statue Form              Tmut/Erth      0%         N/A       100%        6


Dungeon Overview and Level Annotations

Branches:
Dungeon (8/15)             Temple (1/1) D:5
   Lair: D:8-11

Altars:
Ashenzari
Cheibriados
Dithmenos
Elyvilon
Fedhas
Hepliaklqana
Kikubaaqudgha
Makhleb
Nemelex Xobeh
Okawaru
Qazlal
Ru
Sif Muna
Uskayaw
Vehumet
Xom
Yredelemnul
Zin

Annotations:
D:4 1 runed translucent door, Crazy Yiuf
D:8 3 runed translucent doors, 4 transporters, sheffield53's ghost, novice DjFE


Innate Abilities, Weirdness & Mutations

You have a pair of horns on your head.
You reflexively headbutt those who attack you in melee.


Message History

You shoot a sling bullet.
The sling bullet closely misses the acid dragon.
The sling bullet hits the yak but does no damage.
The yak is moderately wounded.
The acid dragon bites you.
* * * LOW HITPOINT WARNING * * *
The acid dragon claws you but does no damage.
You shoot a sling bullet.
The sling bullet barely misses the acid dragon.
The sling bullet barely misses the yak.
The sling bullet hits the yak but does no damage.
The acid dragon bites you but does no damage.
The acid dragon claws you but does no damage.
Unknown command.
You shoot a sling bullet. The sling bullet hits the acid dragon!
The acid dragon is almost dead.
The acid dragon spits acid at you. The splash of acid hits you!
* * * LOW HITPOINT WARNING * * *
The acid corrodes you!
Unknown command.
You shoot a sling bullet. The sling bullet hits the acid dragon.
You kill the acid dragon!
Qazlal accepts your kill.
Unknown command.
The yak attacks as you move away! The yak barely misses you.
The yak attacks as you move away! The yak gores you but does no damage.
The yak attacks as you move away! The yak gores you.
* * * LOW HITPOINT WARNING * * *
The yak attacks as you move away! The yak closely misses you.
The yak attacks as you move away! The yak barely misses you.
The yak attacks as you move away! The yak closely misses you.
The yak attacks as you move away! The yak gores you!
* * * LOW HITPOINT WARNING * * *
The yak attacks as you move away! The yak gores you but does no damage.
Okay, then.
Unknown command.
Unknown command.
The yak attacks as you move away! The yak gores you!
You die...

.#.###.≈.####.####.###.#####...##
.#...#.≈.# #.## #># #...........
.#._.#.≈.####..# #.# #######..###
)#...#.≈...###.# #.# #..#
.###.#.≈.#.###.###.# #### #..#
)......≈.#.##...##.# #..###..###
≈≈≈≈≈≈≈≈.........#.# #..##.)....
)........#.##....#.####..##...###
###...)....###..@Y............#
########## ###.............##
###############


You could see a yak.

Vanquished Creatures
  A two-headed ogre (D:8)
  Pikel (D:6)
  Maggie (D:7)
  A hornet (D:8)
  3 yaks (D:8)
  A steam dragon (D:8)
  A water moccasin (D:5)
  An acid dragon (D:8)
  An orc warrior (D:6)
  2 ice beasts
  A sky beast (D:6)
  2 black bears
  2 centaurs (D:8)
  2 lemures
  A phantom (D:6)
  A kobold brigand (D:5)
  A bullfrog (D:8)
  3 scorpions
  5 wights (D:8)
  A hound (D:4)
  4 jellies
  5 orc priests
  2 sleepcaps
  8 orc wizards
  Natasha (thrice) (D:4)
  4 iguanas
  4 gnolls
  5 adders
  A shadow imp (D:6)
  2 white imps
  3 ufetubi
  2 worms (D:3)
  4 dart slugs
  27 orcs
  6 bats
  6 endoplasms
  2 giant cockroaches
  A goblin (D:1)
  6 hobgoblins
  10 jackals
  A quokka (D:4)
  11 ball pythons
  3 frilled lizards (D:2)
  17 kobolds
  2 rats (D:1)
171 creatures vanquished.

Vanquished Creatures (others)
  A shadow imp (D:8)
1 creature vanquished.

Grand Total: 172 creatures vanquished

Notes
Turn   | Place    | Note
-------+----------+-------------------------------------------
     0 | D:1      | cdecastro the Minotaur Hunter began the quest for the Orb.
     0 | D:1      | Reached XP level 1. HP: 18/18 MP: 0/0
    51 | D:1      | Reached XP level 2. HP: 24/25 MP: 1/1
    57 | D:1      | Reached skill level 5 in Ranged Weapons
   182 | D:1      | Reached XP level 3. HP: 30/30 MP: 2/2
   224 | D:1      | Found a faded altar of an unknown god.
   540 | D:2      | Reached skill level 6 in Ranged Weapons
   652 | D:2      | Reached XP level 4. HP: 22/37 MP: 3/3
  1797 | D:3      | Found a white marble altar of Elyvilon.
  1797 | D:3      | Found a radiant altar of Vehumet.
  2606 | D:4      | Reached skill level 7 in Ranged Weapons
  2609 | D:4      | Reached XP level 5. HP: 42/42 MP: 4/4
  2812 | D:4      | Reached skill level 8 in Ranged Weapons
  3082 | D:4      | Noticed Natasha
  3085 | D:4      | Killed Natasha
  3086 | D:4      | Reached XP level 6. HP: 50/50 MP: 5/5
  3135 | D:4      | Found a stormy altar of Qazlal.
  3303 | D:4      | Became a worshipper of Qazlal Stormbringer
  3563 | D:4      | Noticed Natasha
  3572 | D:4      | Killed Natasha
  3602 | D:4      | Found a runed translucent door.
  3603 | D:4      | Noticed Crazy Yiuf
  3661 | D:4      | Noticed Natasha
  3663 | D:4      | Killed Natasha
  3672 | D:5      | Entered Level 5 of the Dungeon
  3834 | D:5      | Reached skill level 9 in Ranged Weapons
  3907 | D:5      | Found a staircase to the Ecumenical Temple.
  3949 | Temple   | Entered the Ecumenical Temple
  3960 | Temple   | Reached XP level 7. HP: 28/56 MP: 3/6
  4573 | D:5      | Reached skill level 10 in Ranged Weapons
  4952 | D:5      | Reached * piety under Qazlal
  5126 | D:6      | Noticed Pikel
  5194 | D:6      | Reached skill level 5 in Fighting
  5329 | D:6      | Reached XP level 8. HP: 70/70 MP: 5/7
  5466 | D:6      | Killed Pikel
  6323 | D:6      | Reached skill level 10 in Fighting
  6580 | D:6      | Reached XP level 9. HP: 76/85 MP: 8/8
  7037 | D:7      | Noticed Maggie
  7057 | D:7      | Killed Maggie
  7058 | D:7      | Reached skill level 11 in Ranged Weapons
  7621 | D:7      | Found an iron altar of Okawaru.
  8043 | D:8      | Noticed sheffield53's ghost (novice DjFE)
  8043 | D:8      | Noticed a two-headed ogre
  8046 | D:8      | Found a runed translucent gate.
  8046 | D:8      | Found a runed translucent gate.
  8046 | D:8      | Found a runed translucent gate.
  8078 | D:8      | Reached skill level 12 in Ranged Weapons
  8078 | D:8      | Reached skill level 1 in Armour
  8418 | D:8      | Found an ancient bone altar of Kikubaaqudgha.
  8484 | D:8      | Reached skill level 5 in Armour
  8654 | D:8      | Reached ** piety under Qazlal
  8670 | D:8      | Reached skill level 5 in Dodging
  8707 | D:8      | Reached XP level 10. HP: 62/90 MP: 5/9
  8821 | D:8      | Noticed a two-headed ogre
  8842 | D:8      | Killed a two-headed ogre
  9021 | D:8      | Found a transporter.
  9021 | D:8      | Found a transporter.
  9023 | D:8      | Found a transporter.
  9064 | D:8      | Found a transporter.
  9161 | D:8      | HP: 1/93 [yak (12)]
  9164 | D:8      | Mangled by a yak

Illustrated notes

Levels and vault maps discovered:
D:1:      moated_graveyard_arrival, layout_rooms,
          shapermc_ecumenical_altar_venn, hangedman_decor_lopped, st_stairs_1,
          hangedman_abyss_or_decor_stabs, corexii_corridor_pit,
          chequers_serial_rivers_micro_c
D:2:      layout_basic, minivault_5
D:3:      layout_loops_ring, nicolae_overflow_two_pavilions
D:4:      layout_loops_ring, mainiacjoe_overflow_alcove_4,
          uniq_crazy_yiuf_cottage, uniq_natasha
D:5:      layout_basic, minmay_temple_entry_gardened_gates
D:6:      layout_basic, lemuel_flamethrower_1, uniq_pikel
D:7:      layout_cave_pods, nicolae_overflow_crystal_walls, uniq_maggie
D:8:      layout_loops_ring, tso_metal_star, mainiacjoe_overflow_brackets,
          gammafunk_ghost_split, nicolae_diode_quadrants
Temple:   compressed_dpeg_triangle_lava_temple

Skill      XL: |  1  2  3  4  5  6  7  8  9 |
---------------+----------------------------+-----
Ranged Weapons | 5 6 7 8 9 10 12 | 12.8
Fighting       | 5 10 | 10.0
Armour         | 5 |  5.0
Dodging        | 5 |  5.0
Stealth        | |  0.7

Action                     |  1- 3 |  4- 6 |  7- 9 | 10-12 || total
---------------------------+-------+-------+-------+-------++-------
  Melee: Shortbow          |       |       |     2 |       ||     2
         Headbutt          |       |       |     4 |       ||     4
         Sling             |       |       |    15 |       ||    15
   Fire: Shortbow          |    97 |   188 |    80 |       ||   365
         Sling             |       |       |   379 |    30 ||   409
 Armour: Leather armour    |    25 |     1 |       |       ||    26
         Scale mail        |       |    58 |    67 |       ||   125
         Chain mail        |       |       |    86 |    14 ||   100
  Dodge: Dodged            |    37 |    72 |   131 |    11 ||   251
  Block: Other             |       |       |    22 |     2 ||    24
